AoeStats
← THEAVENGR

Arena

508687071Analyzed
4v4 RM · 8d ago on Sep 23, 2026· 62m 23s· 8 players
Game mode
Random Map
Map size
Large (8 player)
Population
200
Speed
Normal
Resources
Standard
Victory
Conquest
Starting age
Dark Age
Ending age
Imperial Age
RankedLock teamsTeams togetherTeam positionsShared explorationLock speedFull tech treeHidden civsTurbo modeCheats
Victory
Defeat
🇷🇺 Persians · Russia
1055
+12
🇷🇺 Japanese · Russia
1046
+12
🇷🇺 Khmer · Russia
1044
+12
🇷🇺 Saxons · Russia
1037
+13
986
-13
🇧🇷 Khitans · Brazil
975
-12
🇭🇺 Byzantines · Hungary
951
-12
🇪🇸 Franks · Spain
943
-12
ナンゴン ウェニア
10:02 Feudal Age
13:40 Castle Age
11:54 Double-Bit Axe
13:11 Horse Collar
19:59 Wheelbarrow
20:12 Bow Saw
22:34 Stone Mining
22:52 Gold Mining
26:08 Hand Cart
25:56 Heavy Plow
27:29 Stone Shaft Mining
31:30 Imperial Age
28:47 Loom
28:47 Town Watch
29:15 Forging
29:19 Scale Barding Armor
32:03 Iron Casting
31:49 Chain Barding Armor
31:40 Bloodlines
31:30 Husbandry
31:56 Elite Jarl
32:56 Conscription
34:41 Plate Barding Armor
35:06 Blast Furnace
36:10 Ballistics
36:50 Chemistry
35:31 Cavalier
35:35 Vendel Legacy
37:15 Fletching
37:25 Padded Archer Armor
37:25 Scale Mail Armor
38:12 Crop Rotation
38:29 Gothikon
40:35 Arson
40:51 Squires
40:12 Elite Varangian Guard
42:35 Pikeman
44:15 Capped Ram
45:06 Bodkin Arrow
45:11 Padded Archer Armor
45:12 Scale Mail Armor
45:20 Siege Engineers
45:26 Masonry
45:13 Murder Holes
46:27 Town Patrol
47:31 Two-Man Saw
46:25 Siege Ram
46:55 Onager
50:56 Bracer
51:14 Onager
54:33 Chain Mail Armor
54:33 Leather Archer Armor
55:40 Masonry
59:29 Light Cavalry
Guty
0:29 Loom
10:01 Feudal Age
11:25 Wheelbarrow
10:39 Double-Bit Axe
19:20 Castle Age
17:43 Stone Mining
18:19 Gold Mining
20:18 Bow Saw
20:32 Hand Cart
20:26 Husbandry
22:26 Scale Barding Armor
25:49 Gold Shaft Mining
marcosprojj
12:01 Feudal Age
13:02 Loom
16:43 Castle Age
14:57 Double-Bit Axe
18:42 Domestication
19:40 Pastoralism
23:25 Bow Saw
23:08 Stone Mining
31:12 Imperial Age
29:13 Scale Mail Armor
29:23 Forging
31:33 Chain Mail Armor
31:54 Iron Casting
31:18 Elite Fire Lancer
33:07 Squires
32:52 Arson
36:03 Light Cavalry
36:44 Husbandry
38:15 Hussar
40:20 Scale Barding Armor
42:58 Transhumance
43:45 Chain Barding Armor
49:16 Heavy Rocket Cart
57:21 Padded Archer Armor
57:12 Fletching
57:53 Plate Mail Armor
THEAVENGR
11:26 Feudal Age
13:23 Double-Bit Axe
16:19 Castle Age
18:06 Bow Saw
19:35 Loom
20:42 Horse Collar
22:37 Pikeman
23:42 Fletching
24:21 Treadmill Crane
25:22 Scale Mail Armor
26:16 Ballistics
26:42 Heavy Plow
28:57 Forging
31:12 Fortified Wall
31:40 Wheelbarrow
33:29 Murder Holes
34:33 Guard Tower
34:26 Elite Skirmisher
35:15 Bodkin Arrow
36:27 Hand Cart
37:49 Iron Casting
37:15 Gold Mining
37:17 Stone Mining
40:04 Chain Mail Armor
42:50 Imperial Age
40:48 Padded Archer Armor
40:59 Thumb Ring
41:52 Caravan
42:27 Leather Archer Armor
42:23 Squires
43:04 Halberdier
44:25 Plate Mail Armor
44:03 Bracer
44:41 Ring Archer Armor
44:58 Husbandry
46:20 Scale Barding Armor
46:14 Heavy Camel Rider
51:09 Chemistry
50:46 Keep
49:57 Arrowslits
52:26 Two-Man Saw
51:57 Crop Rotation
50:52 Onager
Gothic_Brother
10:22 Feudal Age
9:56 Loom
14:40 Castle Age
12:56 Double-Bit Axe
14:19 Forging
24:00 Squires
24:37 Scale Mail Armor
25:21 Pikeman
26:46 Wheelbarrow
27:55 Bow Saw
27:49 Horse Collar
29:07 Town Watch
32:44 Chain Mail Armor
33:05 Iron Casting
37:45 Imperial Age
37:38 Hand Cart
37:20 Fletching
39:07 Fervor
39:14 Block Printing
39:48 Sanctity
39:58 Illumination
40:11 Theocracy
44:23 Redemption
49:47 Parthian Tactics
50:24 Thumb Ring
50:24 Padded Archer Armor
57:09 Heavy Plow
56:57 Town Watch
57:17 Light Cavalry
58:43 Bodkin Arrow
58:55 Husbandry
59:13 Bloodlines
61:32 Scale Barding Armor
61:50 Leather Archer Armor
Gingold
9:12 Feudal Age
9:23 Loom
14:29 Loom
17:02 Castle Age
15:57 Double-Bit Axe
15:56 Horse Collar
22:06 Fletching
27:20 Bodkin Arrow
28:03 Thumb Ring
27:50 Crossbowman
28:33 Padded Archer Armor
31:13 Heavy Plow
31:25 Bow Saw
31:57 Gold Mining
35:20 Imperial Age
33:23 Ballistics
35:27 Leather Archer Armor
35:25 Masonry
36:07 Arbalester
37:05 Siege Engineers
37:05 Bracer
38:01 Conscription
39:15 Hoardings
39:01 Squires
40:12 Architecture
40:43 Chemistry
40:18 Gambesons
42:49 Wheelbarrow
42:01 Town Watch
42:48 Crop Rotation
43:22 Two-Man Saw
42:15 Stone Mining
43:03 Gold Shaft Mining
41:56 Pikeman
42:04 Man-at-Arms
44:23 Long Swordsman
46:14 Guilds
45:31 Two-Handed Swordsman
47:03 Scale Mail Armor
47:33 Ring Archer Armor
47:16 Forging
46:51 Champion
48:46 Caravan
49:49 Chain Mail Armor
52:24 Pikeman
53:39 Plate Mail Armor
53:08 Halberdier
56:40 Iron Casting
56:36 Shield Wall
57:53 Hand Cart
58:35 Arson
xxhellsingxx
10:54 Feudal Age
9:10 Loom
11:32 Horse Collar
11:40 Double-Bit Axe
17:15 Castle Age
19:40 Wheelbarrow
20:27 Stone Mining
20:29 Gold Mining
22:59 Heavy Plow
23:27 Bow Saw
23:39 Hand Cart
24:53 Fortified Wall
29:27 Imperial Age
28:29 Gold Shaft Mining
28:39 Fletching
29:13 Ballistics
31:34 Stone Shaft Mining
31:41 Crop Rotation
33:15 Conscription
33:01 Double Crossbow
34:47 Chemistry
34:25 Siege Engineers
35:11 Elite Ballista Elephant
39:00 Bodkin Arrow
39:11 Scale Barding Armor
40:23 Bracer
45:17 Chain Barding Armor
45:10 Bloodlines
45:00 Husbandry
46:46 Plate Barding Armor
Kairos
9:28 Loom
11:14 Feudal Age
16:09 Castle Age
15:18 Double-Bit Axe
22:57 Wheelbarrow
24:42 Bow Saw
24:25 Horse Collar
25:37 Scale Barding Armor
26:54 Chain Barding Armor
27:21 Forging
31:40 Elite Skirmisher
34:57 Hand Cart
35:28 Kamandaran
36:00 Heavy Plow
36:40 Fletching
37:26 Iron Casting
40:14 Imperial Age
38:21 Ballistics
38:30 Bodkin Arrow
38:03 Crossbowman
39:37 Thumb Ring
40:45 Padded Archer Armor
42:41 Chemistry
43:21 Conscription
44:13 Blast Furnace
43:30 Leather Archer Armor
43:59 Plate Barding Armor
49:15 Ring Archer Armor
49:08 Elite War Elephant
51:01 Citadels
56:47 Caravan
61:35 Devotion
Connection lost

Rejoining the realm…

Still unreachable

The connection could not be restored.

Session expired

The server has moved on; the page needs a fresh start.